Penguins vs Red Wings
Created - March 10, 2020 at 20:57
Goals
|
| Penguins |
1 |
2 |
0 |
3 |
| Red Wings |
0 |
1 |
0 |
1 |
|
Shots
|
| Penguins |
13 |
13 |
8 |
34 |
| Red Wings |
10 |
7 |
4 |
21 |
|
1st period
1. Penguins , Claude Giroux 36 (Steven Stamkos 41) at 2:46 (PP)
Penalties :
Alex Picard (Det) for Hooking (Minor) at 2:42, Mike Richards (Det) for Holding (Minor) at 4:40, Joe Colborne (Pit) for High sticking (Minor) at 9:23, Mike Richards (Det) for Hooking (Minor) at 17:29
2nd period
2. Penguins , Sean Bergenheim 19 (Keith Aulie 21, Sean Zimmerman 23) at 15:02
3. Red Wings , Alex Picard 19 (Connor Brown 29, Mike Richards 41) at 16:16 (PP)
4. Penguins , Danny DeKeiser 3 (Claude Giroux 44, Steven Stamkos 42) at 18:56
Penalties :
Riley Armstrong (Det) for High sticking (Minor) at 3:18, Marcus Foligno (Pit) for Interference (Minor) at 11:25, Joe Colborne (Pit) for Cross-checking (Minor) at 16:09
3rd period
No Goal
Penalties :
David Krejci (Det) for Holding (Minor) at 1:26, Keith Aulie (Pit) for Hooking (Minor) at 4:29, Carson Mcmillan (Det) for Holding (Minor) at 14:53
Goalie Stats
Michal Neuvirth (Pit), 20 saves from 21 shots - (0.952), W, 26-15-4, 60:00 minutes
James Reimer (Det), 31 saves from 34 shots - (0.912), L, 18-18-4, 60:00 minutes
Players Stats for Penguins
Player Name G A P +/- PIM S H SB GA TA FO MP PP MP PK MP
------------------------------------------------------------------------------------
Ales Hemsky 0 0 0 0 0 4 1 0 0 0 0/0 8:01 0:04 0:00
Andrew Cogliano 0 0 0 0 0 3 1 1 2 0 1/2 17:55 4:45 1:08
Cal Clutterbuck 0 0 0 0 0 0 1 0 0 0 0/0 8:08 0:00 0:00
Claude Giroux 1 1 2 1 0 3 0 1 0 0 3/3 23:27 5:10 3:28
Danny DeKeiser 1 0 1 1 0 2 0 3 0 0 0/0 22:02 4:49 2:34
Dustin Brown 0 0 0 0 0 3 2 0 0 0 0/1 16:03 4:45 0:00
Eric Gryba 0 0 0 1 0 0 1 1 0 0 0/0 12:41 0:00 1:54
Joe Colborne 0 0 0 0 4 1 1 0 0 0 0/3 8:42 0:00 0:00
Keith Aulie 0 1 1 0 2 2 1 1 0 0 0/0 27:24 5:10 2:48
Logan Couture 0 0 0 1 0 2 1 1 1 0 10/20 20:34 4:45 2:17
Marcus Foligno 0 0 0 1 2 0 3 0 0 0 0/0 10:47 0:06 0:00
Matt Corrente 0 0 0 1 0 1 2 1 0 0 0/0 10:16 0:00 0:00
Michael Raffl 0 0 0 0 0 0 1 0 1 0 0/1 7:14 0:00 0:00
Sean Bergenheim 1 0 1 2 0 2 5 0 0 0 0/0 21:32 5:08 1:28
Sean Zimmerman 0 1 1 0 0 3 1 2 1 3 0/0 28:23 5:10 4:10
Steven Stamkos 0 2 2 1 0 6 0 1 1 0 14/31 23:13 5:14 3:30
Tomas Plekanec 0 0 0 0 0 1 3 0 0 0 2/4 7:15 0:00 0:17
Victor Hedman 0 0 0 1 0 1 1 1 0 0 0/0 20:15 4:49 0:42
Players Stats for Red Wings
Player Name G A P +/- PIM S H SB GA TA FO MP PP MP PK MP
------------------------------------------------------------------------------------
Alex Picard 1 0 1 -1 2 2 2 1 1 0 0/0 19:39 2:55 2:09
Andrew Alberts 0 0 0 0 0 0 0 0 0 0 0/0 20:58 2:17 1:16
Anton Volchenkov 0 0 0 0 0 0 1 2 0 1 0/0 21:20 0:00 6:14
Carson Mcmillan 0 0 0 0 2 2 0 0 0 0 1/2 13:16 0:00 3:56
Chris Kelly 0 0 0 0 0 1 1 1 0 0 6/9 12:13 0:00 5:05
Connor Brown 0 1 1 -2 0 2 2 1 0 0 0/1 19:28 3:07 0:00
David Krejci 0 0 0 -1 2 0 2 0 0 0 7/9 11:22 0:14 0:00
Jiri Fischer 0 0 0 -1 0 3 1 2 0 0 0/0 22:22 2:17 3:45
Karl Alzner 0 0 0 -2 0 3 2 1 0 2 0/0 29:40 3:47 5:03
Michael Haley 0 0 0 0 0 0 1 0 0 0 0/0 9:17 0:00 2:44
Mike Richards 0 1 1 -1 4 0 3 0 0 2 12/25 20:21 2:56 2:03
Nick Bjugstad 0 0 0 0 0 2 2 0 0 0 6/15 16:06 2:56 1:24
Petr Pohl 0 0 0 -1 0 0 0 0 0 0 0/0 7:44 0:12 0:00
Philip Samuelsson 0 0 0 -1 0 3 3 3 1 0 0/0 23:18 3:47 3:40
Riley Armstrong 0 0 0 0 2 2 4 0 1 0 1/1 11:36 0:00 1:59
Ryan O'Byrne 0 0 0 0 0 0 0 2 0 0 0/0 0:51 0:00 0:00
Tomas Kopecky 0 0 0 0 0 1 0 1 0 0 0/1 15:03 2:56 0:00
Tye McGinn 0 0 0 0 0 0 5 0 0 1 2/2 15:21 2:56 0:38
3 Stars
1 - Sean Bergenheim (Pit)
2 - Claude Giroux (Pit)
3 - Danny DeKeiser (Pit)
Power Play
Penguins - 1 on 6 Attempt(s) - 16.67%
Red Wings - 1 on 4 Attempt(s) - 25.00%
Penalty Kill
Penguins - 3 on 4 Attempt(s) - 75.00%
- Score 0 goal in Penalty Kill
Red Wings - 5 on 6 Attempt(s) - 83.33%
- Score 0 goal in Penalty Kill
Team Stat
Penguins - Hits : 25 - Faceoff Wins : 30 - Blocked Shots : 13 - Penalty Minutes : 8
Red Wings - Hits : 29 - Faceoff Wins : 35 - Blocked Shots : 14 - Penalty Minutes : 12
Official
Referees : Unknown
Linesman : Unknown
Game Notes
Ryan O'Byrne is injured at 2:01 of 1st period (Bruised Left Foot)
Finance
Level 1 -- Attendance: 4620 (77.00%) -- Ticket Income $494,340
Level 2 -- Attendance: 3813 (76.26%) -- Ticket Income $270,723
Level 3 -- Attendance: 1515 (75.75%) -- Ticket Income $72,720
Level 4 -- Attendance: 3163 (79.08%) -- Ticket Income $104,379
Luxury Box -- Attendance: 739 (73.90%) -- Ticket Income $140,410
Game was played at the Joe Louis Arena.
Total Attendance: 13850 (76.94%)
Total Ticket Income: $1,082,572
Other Income: $162,386
Total Income: $1,244,958
Penguins
5 vs 5 Forward
Center Left Wing Right Wing Time % Phy DF OF
1 Steven Stamkos Sean Bergenheim Claude Giroux 40 1 2 2
2 Logan Couture Andrew Cogliano Dustin Brown 30 1 2 2
3 Joe Colborne Marcus Foligno Cal Clutterbuck 20 1 2 2
4 Tomas Plekanec Michael Raffl Ales Hemsky 10 1 2 2
5 vs 5 Defense
Defense Defense Time % Phy DF OF
1 Keith Aulie Sean Zimmerman 40 1 2 2
2 Victor Hedman Danny DeKeiser 30 1 2 2
3 Eric Gryba Matt Corrente 20 1 2 2
4 Keith Aulie Sean Zimmerman 10 1 2 2
PowerPlay Forward
Center Left Wing Right Wing Time % Phy DF OF
1 Steven Stamkos Sean Bergenheim Claude Giroux 60 1 1 3
2 Logan Couture Andrew Cogliano Dustin Brown 40 1 1 3
PowerPlay Defense
Defense Defense Time % Phy DF OF
1 Keith Aulie Sean Zimmerman 60 1 1 3
2 Victor Hedman Danny DeKeiser 40 1 1 3
Penalty Kill 4 Players Forward
Center Wing Time % Phy DF OF
1 Steven Stamkos Claude Giroux 60 1 3 1
2 Logan Couture Sean Bergenheim 40 1 3 1
Penalty Kill 4 Players Defense
Defense Defense Time % Phy DF OF
1 Keith Aulie Sean Zimmerman 60 1 3 1
2 Eric Gryba Danny DeKeiser 40 1 3 1
Penalty Kill - 3 Players Forward
Forward Time % Phy DF OF
1 Claude Giroux 60 1 3 1
2 Sean Bergenheim 40 1 3 1
Penalty Kill - 3 Players Defense
Defense Defense Time % Phy DF OF
1 Keith Aulie Sean Zimmerman 60 1 3 1
2 Eric Gryba Danny DeKeiser 40 1 3 1
4 vs 4 Forward
Center Wing Time % Phy DF OF
1 Steven Stamkos Claude Giroux 60 1 2 2
2 Logan Couture Andrew Cogliano 40 1 2 2
4 vs 4 Defense
Defense Defense Time % Phy DF OF
1 Keith Aulie Sean Zimmerman 60 1 2 2
2 Victor Hedman Danny DeKeiser 40 1 2 2
Last Minutes Offensive
Center Left Wing Right Wing Defense Defense
Steven Stamkos Sean Bergenheim Claude Giroux Keith Aulie Sean Zimmerman
Last Minutes Defensive
Center Left Wing Right Wing Defense Defense
Steven Stamkos Sean Bergenheim Claude Giroux Keith Aulie Sean Zimmerman
Goaltenders
Starting : Michal Neuvirth
Backup : Sergei Bobrovsky
Extra Forwards
Normal : Steven Stamkos, Andrew Cogliano, Marcus Foligno - PP : Steven Stamkos, Andrew Cogliano - PK : Claude Giroux
Extra Defensemen
Normal : Sean Zimmerman, Danny DeKeiser, Eric Gryba - PP : Victor Hedman - PK : Sean Zimmerman, Danny DeKeiser
Penalty Shots
Andrew Cogliano, Claude Giroux, Dustin Brown, Sean Bergenheim, Steven Stamkos
Scratches
None
Red Wings
5 vs 5 Forward
Center Left Wing Right Wing Time % Phy DF OF
1 Mike Richards Alex Picard Connor Brown 40 1 2 2
2 Nick Bjugstad Tye McGinn Tomas Kopecky 30 1 2 2
3 David Krejci Riley Armstrong Carson Mcmillan 20 1 2 2
4 Chris Kelly Michael Haley Petr Pohl 10 1 2 2
5 vs 5 Defense
Defense Defense Time % Phy DF OF
1 Philip Samuelsson Ryan O'Byrne 40 1 2 2
2 Karl Alzner Jiri Fischer 30 1 2 2
3 Andrew Alberts Anton Volchenkov 20 1 2 2
4 Andrew Alberts Anton Volchenkov 10 1 2 2
PowerPlay Forward
Center Left Wing Right Wing Time % Phy DF OF
1 Mike Richards Alex Picard Connor Brown 60 1 2 2
2 Nick Bjugstad Tye McGinn Tomas Kopecky 40 1 2 2
PowerPlay Defense
Defense Defense Time % Phy DF OF
1 Philip Samuelsson Karl Alzner 60 1 2 2
2 Andrew Alberts Jiri Fischer 40 1 2 2
Penalty Kill 4 Players Forward
Center Wing Time % Phy DF OF
1 Chris Kelly Carson Mcmillan 60 1 2 2
2 Riley Armstrong Michael Haley 40 1 2 2
Penalty Kill 4 Players Defense
Defense Defense Time % Phy DF OF
1 Anton Volchenkov Ryan O'Byrne 60 1 2 2
2 Jiri Fischer Philip Samuelsson 40 1 2 2
Penalty Kill - 3 Players Forward
Forward Time % Phy DF OF
1 Carson Mcmillan 60 1 2 2
2 Michael Haley 40 1 2 2
Penalty Kill - 3 Players Defense
Defense Defense Time % Phy DF OF
1 Anton Volchenkov Ryan O'Byrne 60 1 2 2
2 Jiri Fischer Philip Samuelsson 40 1 2 2
4 vs 4 Forward
Center Wing Time % Phy DF OF
1 Mike Richards Connor Brown 60 1 2 2
2 Alex Picard David Krejci 40 1 2 2
4 vs 4 Defense
Defense Defense Time % Phy DF OF
1 Philip Samuelsson Ryan O'Byrne 60 1 2 2
2 Karl Alzner Jiri Fischer 40 1 2 2
Last Minutes Offensive
Center Left Wing Right Wing Defense Defense
Mike Richards Alex Picard Connor Brown Philip Samuelsson Karl Alzner
Last Minutes Defensive
Center Left Wing Right Wing Defense Defense
Riley Armstrong Michael Haley Carson Mcmillan Anton Volchenkov Ryan O'Byrne
Goaltenders
Starting : James Reimer
Backup : Jean-Francois Berube
Extra Forwards
Normal : Connor Brown, Nick Bjugstad, David Krejci - PP : David Krejci, Petr Pohl - PK : Mike Richards
Extra Defensemen
Normal : Philip Samuelsson, Karl Alzner, Anton Volchenkov - PP : Anton Volchenkov - PK : Karl Alzner, Andrew Alberts
Penalty Shots
Mike Richards, Carson Mcmillan, Nick Bjugstad, Alex Picard, Tomas Kopecky
Scratches
Dany Heatley (Healthy), Jakub Kindl (Groin Injury), Josh Harding (Healthy)
% Time on Ice - Penguins
Lines # - Real PCT - Wanted PCT - Time Play
Normal Forward
1 - 35% - 40% - 15:23
2 - 31% - 30% - 13:28
3 - 19% - 20% - 8:08
4 - 16% - 10% - 6:58
Normal Defense
1 - 42% - 40% - 18:37
2 - 32% - 30% - 14:00
3 - 24% - 20% - 10:30
4 - 2% - 10% - 0:50
PP Forward
1 - 52% - 60% - 5:14
2 - 48% - 40% - 4:45
PP Defense
1 - 52% - 60% - 5:10
2 - 48% - 40% - 4:49
PK Forward
1 - 76% - 60% - 4:36
2 - 24% - 40% - 1:28
PK Defense
1 - 69% - 60% - 4:10
2 - 31% - 40% - 1:54
PK3 Forward
1 - 0% - 60%
2 - 0% - 40%
PK3 Defense
1 - 0% - 60%
2 - 0% - 40%
44 Forward
1 - 0% - 60%
2 - 0% - 40%
44 Defense
1 - 0% - 60%
2 - 0% - 40%
Last Minute Offensive - 0:00
Last Minute Defensive - 0:00
Total
Forward - 60:00
Defense - 60:00
|
% Time on Ice - Red Wings
Lines # - Real PCT - Wanted PCT - Time Play
Normal Forward
1 - 39% - 40% - 17:18
2 - 30% - 30% - 12:59
3 - 19% - 20% - 8:17
4 - 12% - 10% - 5:23
Normal Defense
1 - 47% - 40% - 20:47
2 - 32% - 30% - 13:51
3 - 17% - 20% - 7:22
4 - 4% - 10% - 1:57
PP Forward
1 - 52% - 60% - 3:08
2 - 48% - 40% - 2:56
PP Defense
1 - 62% - 60% - 3:47
2 - 38% - 40% - 2:17
PK Forward
1 - 73% - 60% - 7:15
2 - 27% - 40% - 2:44
PK Defense
1 - 63% - 60% - 6:19
2 - 37% - 40% - 3:40
PK3 Forward
1 - 0% - 60%
2 - 0% - 40%
PK3 Defense
1 - 0% - 60%
2 - 0% - 40%
44 Forward
1 - 0% - 60%
2 - 0% - 40%
44 Defense
1 - 0% - 60%
2 - 0% - 40%
Last Minute Offensive - 0:00
Last Minute Defensive - 0:00
Total
Forward - 60:00
Defense - 60:00
|
Play-by-Play
1st period
0:01 of 1st period - Steven Stamkos wins face-off versus Mike Richards in neutral zone.
0:28 of 1st period - Slapshot by Sean Bergenheim.
0:28 of 1st period - Shot Blocked by Ryan O'Byrne.
0:30 of 1st period - Slapshot by Sean Zimmerman.
0:30 of 1st period - Stopped by James Reimer without a rebound.
0:31 of 1st period - Carson Mcmillan wins face-off versus Logan Couture in Red Wings zone.
1:15 of 1st period - Nick Bjugstad is hit by Tomas Plekanec.
1:41 of 1st period - Wrist shot by Steven Stamkos.
1:41 of 1st period - Stopped by James Reimer without a rebound.
1:42 of 1st period - Claude Giroux wins face-off versus Mike Richards in Red Wings zone.
1:47 of 1st period - Snap shot by Steven Stamkos.
1:47 of 1st period - Shot Misses the Net.
2:01 of 1st period - Slapshot by Claude Giroux.
2:01 of 1st period - Shot Blocked by Ryan O'Byrne.
2:01 of 1st period - Ryan O'Byrne from Red Wings is injured at 2:01 of 1st period (Bruised Left Foot).
2:02 of 1st period - David Krejci wins face-off versus Logan Couture in Red Wings zone.
2:02 of 1st period - David Krejci is hit by Logan Couture.
2:10 of 1st period - Snap shot by Carson Mcmillan.
2:10 of 1st period - Stopped by Michal Neuvirth without a rebound.
2:11 of 1st period - Logan Couture wins face-off versus David Krejci in Penguins zone.
2:11 of 1st period - Logan Couture is hit by Riley Armstrong.
2:16 of 1st period - Off-side.
2:17 of 1st period - Mike Richards wins face-off versus Joe Colborne in neutral zone.
2:42 of 1st period - Minor Penalty to Alex Picard for Hooking.
2:43 of 1st period - Steven Stamkos wins face-off versus Chris Kelly in Red Wings zone.
2:46 of 1st period - Slapshot by Claude Giroux.
2:46 of 1st period - Goal by Claude Giroux - Penguins : 1 - Red Wings : 0.
2:47 of 1st period - Steven Stamkos wins face-off versus Nick Bjugstad in neutral zone.
3:15 of 1st period - Slapshot by Victor Hedman.
3:15 of 1st period - Shot Misses the Net.
3:17 of 1st period - Snap shot by Logan Couture.
3:17 of 1st period - Stopped by James Reimer without a rebound.
3:18 of 1st period - Andrew Cogliano wins face-off versus Mike Richards in Red Wings zone.
3:31 of 1st period - Snap shot by Connor Brown.
3:31 of 1st period - Deflect By Mike Richards.
3:31 of 1st period - Shot Blocked by Sean Zimmerman.
3:31 of 1st period - Puck is out of play.
3:32 of 1st period - Steven Stamkos wins face-off versus Nick Bjugstad in Penguins zone.
3:42 of 1st period - Eric Gryba is hit by Tye McGinn and loses puck.
3:57 of 1st period - Sean Bergenheim is hit by Karl Alzner and loses puck.
4:12 of 1st period - Slapshot by Steven Stamkos.
4:12 of 1st period - Stopped by James Reimer with a rebound.
4:14 of 1st period - Snap shot by Sean Bergenheim.
4:14 of 1st period - Shot Blocked by Chris Kelly.
4:16 of 1st period - Slapshot by Matt Corrente.
4:16 of 1st period - Stopped by James Reimer without a rebound.
4:17 of 1st period - Logan Couture wins face-off versus Mike Richards in Red Wings zone.
4:18 of 1st period - Snap shot by Keith Aulie.
4:18 of 1st period - Shot Misses the Net.
4:40 of 1st period - Minor Penalty to Mike Richards for Holding.
4:41 of 1st period - Chris Kelly wins face-off versus Steven Stamkos in Red Wings zone.
4:54 of 1st period - Slapshot by Karl Alzner.
4:54 of 1st period - Stopped by Michal Neuvirth with a rebound.
4:56 of 1st period - Slapshot by Karl Alzner.
4:56 of 1st period - Stopped by Michal Neuvirth with a rebound.
5:36 of 1st period - Jiri Fischer is hit by Sean Bergenheim and loses puck.
6:13 of 1st period - Logan Couture is hit by Riley Armstrong and loses puck.
6:40 of 1st period - Penalty to Mike Richards is over, Mike Richards is back on ice.
7:02 of 1st period - Icing by Carson Mcmillan.
7:03 of 1st period - Tye McGinn wins face-off versus Tomas Plekanec in Red Wings zone.
7:50 of 1st period - Slapshot by Philip Samuelsson.
7:50 of 1st period - Shot Misses the Net.
9:07 of 1st period - Slapshot by Victor Hedman.
9:07 of 1st period - Deflect By Joe Colborne.
9:07 of 1st period - Shot Blocked by Anton Volchenkov.
9:07 of 1st period - Puck is out of play.
9:08 of 1st period - David Krejci wins face-off versus Joe Colborne in Red Wings zone.
9:08 of 1st period - David Krejci is hit by Joe Colborne.
9:23 of 1st period - Minor Penalty to Joe Colborne for High sticking.
9:24 of 1st period - Steven Stamkos wins face-off versus Mike Richards in Penguins zone.
11:23 of 1st period - Penalty to Joe Colborne is over, Joe Colborne is back on ice.
11:36 of 1st period - Snap shot by Ales Hemsky.
11:36 of 1st period - Stopped by James Reimer with a rebound.
11:38 of 1st period - Snap shot by Michael Raffl.
11:38 of 1st period - Shot Misses the Net.
11:56 of 1st period - Snap shot by David Krejci.
11:56 of 1st period - Shot Blocked by Danny DeKeiser.
11:58 of 1st period - Slapshot by Jiri Fischer.
11:58 of 1st period - Stopped by Michal Neuvirth without a rebound.
11:59 of 1st period - Chris Kelly wins face-off versus Logan Couture in Penguins zone.
12:00 of 1st period - Slapshot by Philip Samuelsson.
12:00 of 1st period - Stopped by Michal Neuvirth without a rebound.
12:01 of 1st period - Chris Kelly wins face-off versus Logan Couture in Penguins zone.
13:17 of 1st period - Anton Volchenkov is hit by Michael Raffl and loses puck.
13:32 of 1st period - Slapshot by Mike Richards.
13:32 of 1st period - Shot Misses the Net.
13:34 of 1st period - Slapshot by Connor Brown.
13:34 of 1st period - Stopped by Michal Neuvirth with a rebound.
13:36 of 1st period - Slapshot by Connor Brown.
13:36 of 1st period - Shot Blocked by Sean Zimmerman.
13:38 of 1st period - Slapshot by Mike Richards.
13:38 of 1st period - Shot Blocked by Keith Aulie.
14:00 of 1st period - Slapshot by Claude Giroux.
14:00 of 1st period - Shot Misses the Net.
14:02 of 1st period - Slapshot by Sean Zimmerman.
14:02 of 1st period - Stopped by James Reimer without a rebound.
14:03 of 1st period - Mike Richards wins face-off versus Logan Couture in Red Wings zone.
14:16 of 1st period - Slapshot by Andrew Cogliano.
14:16 of 1st period - Stopped by James Reimer without a rebound.
14:17 of 1st period - Claude Giroux wins face-off versus Nick Bjugstad in Red Wings zone.
14:44 of 1st period - Victor Hedman is hit by Mike Richards and loses puck.
15:07 of 1st period - Snap shot by Joe Colborne.
15:07 of 1st period - Stopped by James Reimer with a rebound.
15:36 of 1st period - Wrist shot by Petr Pohl.
15:36 of 1st period - Deflect By Chris Kelly.
15:36 of 1st period - Stopped by Michal Neuvirth without a rebound.
15:37 of 1st period - Steven Stamkos wins face-off versus Mike Richards in Penguins zone.
15:46 of 1st period - Snap shot by Steven Stamkos.
15:46 of 1st period - Stopped by James Reimer without a rebound.
15:47 of 1st period - Steven Stamkos wins face-off versus Mike Richards in Red Wings zone.
16:12 of 1st period - Slapshot by Claude Giroux.
16:12 of 1st period - Shot Misses the Net.
16:24 of 1st period - Slapshot by Alex Picard.
16:24 of 1st period - Shot Blocked by Steven Stamkos.
16:26 of 1st period - Snap shot by Connor Brown.
16:26 of 1st period - Stopped by Michal Neuvirth with a rebound.
16:32 of 1st period - Wrist shot by Alex Picard.
16:32 of 1st period - Shot Misses the Net.
16:34 of 1st period - Slapshot by Jiri Fischer.
16:34 of 1st period - Stopped by Michal Neuvirth without a rebound.
16:35 of 1st period - Nick Bjugstad wins face-off versus Logan Couture in Penguins zone.
16:44 of 1st period - Slapshot by Dustin Brown.
16:44 of 1st period - Deflect By Logan Couture.
16:44 of 1st period - Shot Blocked by Philip Samuelsson.
16:44 of 1st period - Puck is out of play.
16:45 of 1st period - Logan Couture wins face-off versus Nick Bjugstad in Red Wings zone.
17:02 of 1st period - Slapshot by Andrew Cogliano.
17:02 of 1st period - Shot Misses the Net.
17:12 of 1st period - Wrist shot by Dustin Brown.
17:12 of 1st period - Shot Blocked by Philip Samuelsson.
17:18 of 1st period - Snap shot by Dustin Brown.
17:18 of 1st period - Stopped by James Reimer without a rebound.
17:19 of 1st period - Steven Stamkos wins face-off versus Mike Richards in Red Wings zone.
17:26 of 1st period - Slapshot by Steven Stamkos.
17:26 of 1st period - Stopped by James Reimer without a rebound.
17:27 of 1st period - Mike Richards wins face-off versus Steven Stamkos in Red Wings zone.
17:29 of 1st period - Minor Penalty to Mike Richards for Hooking.
17:30 of 1st period - Steven Stamkos wins face-off versus Chris Kelly in Red Wings zone.
18:24 of 1st period - Wrist shot by Philip Samuelsson.
18:24 of 1st period - Stopped by Michal Neuvirth without a rebound.
18:25 of 1st period - Riley Armstrong wins face-off versus Steven Stamkos in Penguins zone.
19:29 of 1st period - Penalty to Mike Richards is over, Mike Richards is back on ice.
19:52 of 1st period - Snap shot by Anton Volchenkov.
19:52 of 1st period - Shot Misses the Net.
Goals for this period are 1 for Penguins vs 0 for Red Wings.
Shots for this period are 13 for Penguins vs 10 for Red Wings.
2nd period
0:01 of 2nd period - Claude Giroux wins face-off versus Mike Richards in neutral zone.
1:16 of 2nd period - Slapshot by Keith Aulie.
1:16 of 2nd period - Stopped by James Reimer without a rebound.
1:17 of 2nd period - Mike Richards wins face-off versus Steven Stamkos in Red Wings zone.
1:17 of 2nd period - Mike Richards is hit by Sean Bergenheim.
1:25 of 2nd period - Philip Samuelsson is hit by Sean Bergenheim and loses puck.
1:32 of 2nd period - Victor Hedman is hit by Karl Alzner and loses puck.
1:43 of 2nd period - Sean Bergenheim is hit by Riley Armstrong and loses puck.
2:02 of 2nd period - Snap shot by Claude Giroux.
2:02 of 2nd period - Shot Misses the Net.
2:04 of 2nd period - Slapshot by Victor Hedman.
2:04 of 2nd period - Stopped by James Reimer with a rebound.
2:06 of 2nd period - Slapshot by Claude Giroux.
2:06 of 2nd period - Stopped by James Reimer with a rebound.
2:08 of 2nd period - Slapshot by Danny DeKeiser.
2:08 of 2nd period - Stopped by James Reimer without a rebound.
2:09 of 2nd period - Logan Couture wins face-off versus Mike Richards in Red Wings zone.
2:18 of 2nd period - Wrist shot by Andrew Cogliano.
2:18 of 2nd period - Shot Misses the Net.
2:20 of 2nd period - Slapshot by Logan Couture.
2:20 of 2nd period - Shot Blocked by Philip Samuelsson.
2:36 of 2nd period - Marcus Foligno is hit by Nick Bjugstad and loses puck.
2:41 of 2nd period - Snap shot by Tomas Kopecky.
2:41 of 2nd period - Shot Blocked by Eric Gryba.
2:56 of 2nd period - Off-side.
2:57 of 2nd period - David Krejci wins face-off versus Michael Raffl in neutral zone.
3:18 of 2nd period - Minor Penalty to Riley Armstrong for High sticking.
3:19 of 2nd period - Steven Stamkos wins face-off versus Carson Mcmillan in Red Wings zone.
4:41 of 2nd period - Steven Stamkos is hit by Anton Volchenkov and loses puck.
5:09 of 2nd period - Anton Volchenkov is hit by Dustin Brown and loses puck.
5:18 of 2nd period - Penalty to Riley Armstrong is over, Riley Armstrong is back on ice.
5:48 of 2nd period - Matt Corrente is hit by Philip Samuelsson and loses puck.
5:53 of 2nd period - Snap shot by Tomas Kopecky.
5:53 of 2nd period - Shot Blocked by Matt Corrente.
6:09 of 2nd period - Joe Colborne is hit by Alex Picard and loses puck.
6:16 of 2nd period - Sean Zimmerman is hit by Mike Richards and loses puck.
7:44 of 2nd period - Karl Alzner is hit by Dustin Brown and loses puck.
8:05 of 2nd period - Tomas Kopecky is hit by Tomas Plekanec and loses puck.
8:49 of 2nd period - Mike Richards is hit by Marcus Foligno and loses puck.
8:58 of 2nd period - Connor Brown is hit by Marcus Foligno and loses puck.
9:41 of 2nd period - Ales Hemsky is hit by David Krejci and loses puck.
10:12 of 2nd period - Off-side.
10:13 of 2nd period - Mike Richards wins face-off versus Steven Stamkos in neutral zone.
10:31 of 2nd period - Steven Stamkos is hit by Philip Samuelsson and loses puck.
10:37 of 2nd period - Steven Stamkos is hit by Connor Brown and loses puck.
10:54 of 2nd period - Snap shot by Steven Stamkos.
10:54 of 2nd period - Shot Blocked by Connor Brown.
11:01 of 2nd period - Icing by Anton Volchenkov.
11:02 of 2nd period - Mike Richards wins face-off versus Logan Couture in Red Wings zone.
11:09 of 2nd period - Dustin Brown is hit by Philip Samuelsson and loses puck.
11:18 of 2nd period - Snap shot by Alex Picard.
11:18 of 2nd period - Shot Blocked by Andrew Cogliano.
11:25 of 2nd period - Minor Penalty to Marcus Foligno for Interference.
11:26 of 2nd period - Nick Bjugstad wins face-off versus Steven Stamkos in Penguins zone.
11:45 of 2nd period - Claude Giroux is hit by Nick Bjugstad and loses puck.
12:39 of 2nd period - Mike Richards is hit by Eric Gryba and loses puck.
12:47 of 2nd period - Icing by Philip Samuelsson.
12:48 of 2nd period - Tye McGinn wins face-off versus Logan Couture in Red Wings zone.
13:22 of 2nd period - Slapshot by Sean Bergenheim.
13:22 of 2nd period - Stopped by James Reimer without a rebound.
13:23 of 2nd period - Logan Couture wins face-off versus Connor Brown in Red Wings zone.
13:25 of 2nd period - Penalty to Marcus Foligno is over, Marcus Foligno is back on ice.
14:03 of 2nd period - Jiri Fischer is hit by Victor Hedman.
14:12 of 2nd period - Connor Brown is hit by Marcus Foligno and loses puck.
14:56 of 2nd period - Slapshot by Sean Bergenheim.
14:56 of 2nd period - Shot Misses the Net.
14:58 of 2nd period - Slapshot by Sean Zimmerman.
14:58 of 2nd period - Deflect By Philip Samuelsson.
14:58 of 2nd period - Stopped by James Reimer with a rebound.
15:00 of 2nd period - Slapshot by Keith Aulie.
15:00 of 2nd period - Shot Misses the Net.
15:02 of 2nd period - Snap shot by Sean Bergenheim.
15:02 of 2nd period - Goal by Sean Bergenheim - Penguins : 2 - Red Wings : 0.
15:03 of 2nd period - Tomas Plekanec wins face-off versus Nick Bjugstad in neutral zone.
15:14 of 2nd period - Wrist shot by Nick Bjugstad.
15:14 of 2nd period - Shot Misses the Net.
15:24 of 2nd period - Michael Raffl is hit by Tye McGinn and loses puck.
15:36 of 2nd period - Slapshot by Ales Hemsky.
15:36 of 2nd period - Stopped by James Reimer without a rebound.
15:37 of 2nd period - Chris Kelly wins face-off versus Steven Stamkos in Red Wings zone.
15:42 of 2nd period - Snap shot by Steven Stamkos.
15:42 of 2nd period - Stopped by James Reimer with a rebound.
15:44 of 2nd period - Slapshot by Andrew Cogliano.
15:44 of 2nd period - Stopped by James Reimer without a rebound.
15:45 of 2nd period - Chris Kelly wins face-off versus Steven Stamkos in Red Wings zone.
15:54 of 2nd period - Snap shot by Claude Giroux.
15:54 of 2nd period - Shot Blocked by Tomas Kopecky.
15:56 of 2nd period - Wrist shot by Steven Stamkos.
15:56 of 2nd period - Shot Misses the Net.
16:02 of 2nd period - Wrist shot by Steven Stamkos.
16:02 of 2nd period - Shot Misses the Net.
16:04 of 2nd period - Slapshot by Andrew Cogliano.
16:04 of 2nd period - Stopped by James Reimer without a rebound.
16:05 of 2nd period - David Krejci wins face-off versus Joe Colborne in Red Wings zone.
16:09 of 2nd period - Minor Penalty to Joe Colborne for Cross-checking.
16:10 of 2nd period - Mike Richards wins face-off versus Steven Stamkos in Penguins zone.
16:16 of 2nd period - Wrist shot by Alex Picard.
16:16 of 2nd period - Deflect By Keith Aulie.
16:16 of 2nd period - Goal by Alex Picard - Penguins : 2 - Red Wings : 1.
16:17 of 2nd period - Nick Bjugstad wins face-off versus Steven Stamkos in neutral zone.
16:22 of 2nd period - Snap shot by Nick Bjugstad.
16:22 of 2nd period - Stopped by Michal Neuvirth without a rebound.
16:23 of 2nd period - Steven Stamkos wins face-off versus Nick Bjugstad in Penguins zone.
16:46 of 2nd period - Icing by Karl Alzner.
16:47 of 2nd period - Logan Couture wins face-off versus Mike Richards in Red Wings zone.
17:02 of 2nd period - Snap shot by Dustin Brown.
17:02 of 2nd period - Shot Blocked by Jiri Fischer.
17:20 of 2nd period - Wrist shot by Nick Bjugstad.
17:20 of 2nd period - Shot Blocked by Danny DeKeiser.
17:22 of 2nd period - Snap shot by Nick Bjugstad.
17:22 of 2nd period - Shot Blocked by Claude Giroux.
17:24 of 2nd period - Slapshot by Jiri Fischer.
17:24 of 2nd period - Stopped by Michal Neuvirth with a rebound.
17:26 of 2nd period - Wrist shot by Tomas Kopecky.
17:26 of 2nd period - Stopped by Michal Neuvirth without a rebound.
17:27 of 2nd period - David Krejci wins face-off versus Logan Couture in Penguins zone.
17:38 of 2nd period - Slapshot by David Krejci.
17:38 of 2nd period - Deflect By Carson Mcmillan.
17:38 of 2nd period - Stopped by Michal Neuvirth without a rebound.
17:39 of 2nd period - Steven Stamkos wins face-off versus Mike Richards in Penguins zone.
17:44 of 2nd period - Wrist shot by Steven Stamkos.
17:44 of 2nd period - Shot Blocked by Anton Volchenkov.
17:46 of 2nd period - Snap shot by Steven Stamkos.
17:46 of 2nd period - Stopped by James Reimer without a rebound.
17:47 of 2nd period - Mike Richards wins face-off versus Steven Stamkos in Red Wings zone.
18:04 of 2nd period - Alex Picard is hit by Sean Bergenheim.
18:13 of 2nd period - Off-side.
18:14 of 2nd period - Nick Bjugstad wins face-off versus Andrew Cogliano in neutral zone.
18:17 of 2nd period - Slapshot by Jiri Fischer.
18:17 of 2nd period - Shot Blocked by Logan Couture.
18:19 of 2nd period - Wrist shot by Karl Alzner.
18:19 of 2nd period - Stopped by Michal Neuvirth without a rebound.
18:20 of 2nd period - Logan Couture wins face-off versus Nick Bjugstad in Penguins zone.
18:20 of 2nd period - Logan Couture is hit by Tye McGinn.
18:30 of 2nd period - Slapshot by Danny DeKeiser.
18:30 of 2nd period - Shot Misses the Net.
18:47 of 2nd period - Steven Stamkos is hit by Jiri Fischer and loses puck.
18:56 of 2nd period - Slapshot by Danny DeKeiser.
18:56 of 2nd period - Goal by Danny DeKeiser - Penguins : 3 - Red Wings : 1.
18:57 of 2nd period - Steven Stamkos wins face-off versus Tomas Kopecky in neutral zone.
19:51 of 2nd period - Snap shot by Carson Mcmillan.
19:51 of 2nd period - Shot Misses the Net.
19:53 of 2nd period - Snap shot by Riley Armstrong.
19:53 of 2nd period - Deflect By Marcus Foligno.
19:53 of 2nd period - Stopped by Michal Neuvirth with a rebound.
Goals for this period are 2 for Penguins vs 1 for Red Wings.
Shots for this period are 13 for Penguins vs 7 for Red Wings.
3rd period
0:01 of 3rd period - Nick Bjugstad wins face-off versus Steven Stamkos in neutral zone.
0:14 of 3rd period - Tomas Kopecky is hit by Sean Bergenheim.
0:17 of 3rd period - Off-side.
0:18 of 3rd period - Logan Couture wins face-off versus Mike Richards in neutral zone.
0:50 of 3rd period - Slapshot by Keith Aulie.
0:50 of 3rd period - Stopped by James Reimer without a rebound.
0:51 of 3rd period - David Krejci wins face-off versus Steven Stamkos in Red Wings zone.
0:58 of 3rd period - Slapshot by Jiri Fischer.
0:58 of 3rd period - Deflect By Riley Armstrong.
0:58 of 3rd period - Stopped by Michal Neuvirth with a rebound.
1:24 of 3rd period - Wrist shot by Claude Giroux.
1:24 of 3rd period - Shot Blocked by Jiri Fischer.
1:26 of 3rd period - Minor Penalty to David Krejci for Holding.
1:27 of 3rd period - Logan Couture wins face-off versus Chris Kelly in Red Wings zone.
2:25 of 3rd period - Steven Stamkos is hit by Michael Haley and loses puck.
2:59 of 3rd period - Claude Giroux is hit by Mike Richards and loses puck.
3:26 of 3rd period - Penalty to David Krejci is over, David Krejci is back on ice.
3:38 of 3rd period - Wrist shot by Nick Bjugstad.
3:38 of 3rd period - Stopped by Michal Neuvirth with a rebound.
3:40 of 3rd period - Slapshot by Nick Bjugstad.
3:40 of 3rd period - Shot Blocked by Victor Hedman.
3:42 of 3rd period - Snap shot by Tomas Kopecky.
3:42 of 3rd period - Shot Misses the Net.
3:44 of 3rd period - Snap shot by Tye McGinn.
3:44 of 3rd period - Shot Blocked by Danny DeKeiser.
3:59 of 3rd period - Slapshot by Victor Hedman.
3:59 of 3rd period - Shot Blocked by Alex Picard.
4:01 of 3rd period - Slapshot by Danny DeKeiser.
4:01 of 3rd period - Deflect By Ales Hemsky.
4:01 of 3rd period - Stopped by James Reimer without a rebound.
4:02 of 3rd period - Nick Bjugstad wins face-off versus Tomas Plekanec in Red Wings zone.
4:15 of 3rd period - Ales Hemsky is hit by Tye McGinn and loses puck.
4:29 of 3rd period - Minor Penalty to Keith Aulie for Hooking.
4:30 of 3rd period - Mike Richards wins face-off versus Steven Stamkos in Penguins zone.
4:47 of 3rd period - Slapshot by Philip Samuelsson.
4:47 of 3rd period - Shot Misses the Net.
5:45 of 3rd period - Icing by Andrew Alberts.
5:46 of 3rd period - Logan Couture wins face-off versus Nick Bjugstad in Red Wings zone.
6:29 of 3rd period - Penalty to Keith Aulie is over, Keith Aulie is back on ice.
7:41 of 3rd period - Eric Gryba is hit by Alex Picard and loses puck.
7:59 of 3rd period - Eric Gryba is hit by David Krejci.
8:39 of 3rd period - Andrew Alberts is hit by Andrew Cogliano and loses puck.
8:59 of 3rd period - Keith Aulie is hit by Riley Armstrong and loses puck.
9:21 of 3rd period - Philip Samuelsson is hit by Ales Hemsky and loses puck.
9:28 of 3rd period - Michael Raffl is hit by Tye McGinn and loses puck.
10:08 of 3rd period - Mike Richards is hit by Tomas Plekanec and loses puck.
10:36 of 3rd period - Icing by Connor Brown.
10:37 of 3rd period - Mike Richards wins face-off versus Logan Couture in Red Wings zone.
11:04 of 3rd period - Backhand shot by Claude Giroux.
11:04 of 3rd period - Stopped by James Reimer with a rebound.
11:30 of 3rd period - Chris Kelly is hit by Matt Corrente and loses puck.
12:07 of 3rd period - Snap shot by Andrew Cogliano.
12:07 of 3rd period - Shot Misses the Net.
12:11 of 3rd period - Wrist shot by Dustin Brown.
12:11 of 3rd period - Stopped by James Reimer without a rebound.
12:12 of 3rd period - Mike Richards wins face-off versus Dustin Brown in Red Wings zone.
12:29 of 3rd period - Slapshot by Keith Aulie.
12:29 of 3rd period - Deflect By Dustin Brown.
12:29 of 3rd period - Stopped by James Reimer without a rebound.
12:30 of 3rd period - David Krejci wins face-off versus Steven Stamkos in Red Wings zone.
12:34 of 3rd period - Karl Alzner is hit by Keith Aulie and loses puck.
12:37 of 3rd period - Slapshot by Jiri Fischer.
12:37 of 3rd period - Shot Misses the Net.
12:57 of 3rd period - Sean Zimmerman is hit by Connor Brown and loses puck.
13:08 of 3rd period - Wrist shot by Logan Couture.
13:08 of 3rd period - Stopped by James Reimer without a rebound.
13:09 of 3rd period - Steven Stamkos wins face-off versus Nick Bjugstad in Red Wings zone.
14:00 of 3rd period - Slapshot by Ales Hemsky.
14:00 of 3rd period - Stopped by James Reimer without a rebound.
14:01 of 3rd period - Tomas Plekanec wins face-off versus David Krejci in Red Wings zone.
14:04 of 3rd period - Slapshot by Tomas Plekanec.
14:04 of 3rd period - Shot Blocked by Karl Alzner.
14:06 of 3rd period - Snap shot by Tomas Plekanec.
14:06 of 3rd period - Stopped by James Reimer without a rebound.
14:07 of 3rd period - Mike Richards wins face-off versus Steven Stamkos in Red Wings zone.
14:07 of 3rd period - Mike Richards is hit by Sean Zimmerman.
14:53 of 3rd period - Minor Penalty to Carson Mcmillan for Holding.
14:54 of 3rd period - Chris Kelly wins face-off versus Steven Stamkos in Red Wings zone.
16:53 of 3rd period - Penalty to Carson Mcmillan is over, Carson Mcmillan is back on ice.
16:55 of 3rd period - Slapshot by Philip Samuelsson.
16:55 of 3rd period - Stopped by Michal Neuvirth with a rebound.
17:01 of 3rd period - Michael Haley is hit by Cal Clutterbuck and loses puck.
17:10 of 3rd period - Jiri Fischer is hit by Matt Corrente and loses puck.
17:55 of 3rd period - Slapshot by Alex Picard.
17:55 of 3rd period - Stopped by Michal Neuvirth with a rebound.
19:32 of 3rd period - Marcus Foligno is hit by Chris Kelly.
Goals for this period are 0 for Penguins vs 0 for Red Wings.
Shots for this period are 8 for Penguins vs 4 for Red Wings.
Back to the Top